 Dungeon Crawl Stone Soup version 0.30.1-4-g462c640d31 (webtiles) character file.

Game seed: 6239448405254322264

206305 LordWeiramon the Impassioned (level 18, -5/134 HPs)
             Began as a Mummy Brigand on Sept 1, 2023.
             Was an Elder of Uskayaw.
             Slain by a deep elf blademaster
             ... wielding a +0 rapier of holy wrath
              (11 damage)
             ... on level 2 of the Elven Halls on Sept 2, 2023.
             The game lasted 03:41:21 (35192 turns).

LordWeiramon the Impassioned (Mummy Brigand)       Turns: 35192, Time: 03:41:22

Health: -5/134     AC: 14    Str: 21    XL:     18   Next: 6%
Magic:  0/30       EV: 23    Int: 13    God:    Uskayaw [****..]
Gold:   1128       SH:  6    Dex: 20    Spells: 12/17 levels left

rFire   + . .        a - +7 quick blade (drain)
rCold   + + .        B - +0 buckler of the Baker {Str+5 Int+3}
rNeg    + + +        s - +2 robe {rF+}
rPois   ∞            L - +2 hat of the Bear Spirit {Spirit, Bear, *Rage Will++}
rElec   .            f - scarf {rC+ rF+}
rCorr   .            N - +2 pair of gloves
SInv    .            v - +2 pair of boots {Stlth+}
Will    ++++.        H - amulet of Vitality {RegenMP++ Regen++}
Stlth   +++++        o - ring of flight
HPRegen 2.02/turn    e - +4 ring of slaying
MPRegen 1.02/turn

%: guardian spirit, faith
@: about to teleport, flying, studying Axes
A: cold resistance 1, negative energy resistance 3, torment resistance 2, heat
vulnerability 1, in touch with death 2, no potions, faith
}: 1/15 runes: barnacled
a: Renounce Religion, Stomp, Line Pass


You were on level 2 of the Elven Halls.
You worshipped Uskayaw.
Uskayaw was most pleased with you.
You visited 6 branches of the dungeon, and saw 29 of its levels.
You visited 1 bazaar.

You collected 3886 gold pieces.
You spent 2758 gold pieces at shops.

Inventory:

Hand Weapons
 a - a +7 quick blade of draining (weapon)
 b - a +2 rapier of draining
Missiles
 d - 38 poisoned darts
 g - 152 stones (quivered)
 i - 3 curare-tipped darts
 G - 2 throwing nets
 O - 2 atropa-tipped darts
Armour
 f - a scarf of resistance (worn)
 m - a +0 kite shield of reflection
 s - a +2 robe of fire resistance (worn)
 v - a +2 pair of boots of stealth (worn)
 B - the +0 buckler of the Baker (worn) {Str+5 Int+3}
   (You took it off a gnoll sergeant on level 7 of the Dungeon)

   Str:       It affects your strength (+5).
   Int:       It affects your intelligence (+3).
 C - the +5 scale mail of Theory {Contam +Blink rElec Str+5}
   (You took it off a gnoll sergeant on level 7 of the Dungeon)

   Str:       It affects your strength (+5).
   rElec:     It insulates you from electricity.
   +Blink:    It lets you blink.
   Contam:    It causes magical contamination when unequipped.
 L - the +2 hat of the Bear Spirit (worn) {Spirit, Bear, *Rage Will++}
   (You bought it in a shop on level 3 of the Shoals)

   Bear:      Going berserk makes the wearer exceptionally tough, and they are
   slowed for a shorter time afterward.
   *Rage:     It berserks you when you make melee attacks (+20% chance).
   Will:      It greatly increases your willpower.
 N - a +2 pair of gloves (worn)
 Q - the +3 pair of seven-league boots {Rampage+∞}
   (You acquired it on level 4 of the Lair of Beasts)

   Rampage+∞: When moving toward enemies, its wearer moves as far as possible,
   alerting their target en route.
Jewellery
 e - a +4 ring of slaying (right hand)
 o - a ring of flight (left hand)
 u - a ring of resist corrosion
 w - a ring of protection from fire
 E - the ring of Tension {Str+6 Int+2 SInv}
   (You took it off a gnoll on level 7 of the Dungeon)

   [ring of strength]

   Str:       It affects your strength (+6).
   Int:       It affects your intelligence (+2).
   SInv:      It lets you see invisible.
 H - the amulet of Vitality (around neck) {RegenMP++ Regen++}
   (You found it on level 7 of the Dungeon)

   [amulet of magic regeneration]

   It increases your rate of magic regeneration.
   Regen:     It increases your rate of health regeneration.
 K - a ring of willpower
 V - a ring of see invisible
 W - the ring of Yjeptuni {rElec rF+ Dex+6 Slay-5 Stlth+}
   (You took it off a merfolk on level 4 of the Shoals)

   [ring of dexterity]

   Dex:       It affects your dexterity (+6).
   Slay:      It affects your accuracy & damage with ranged weapons and melee
   (-5).
   rF:        It protects you from fire.
   rElec:     It insulates you from electricity.
   Stlth:     It makes you more stealthy.
Wands
 j - a wand of flame (7)
 t - a wand of quicksilver (3)
 A - a wand of digging (11)
 D - a wand of polymorph (9)
 F - a wand of charming (18)
 J - a wand of iceblast (12)
 P - a wand of mindburst (11)
Scrolls
 h - 9 scrolls of blinking
 k - 7 scrolls of teleportation
 l - 2 scrolls of poison
 n - 9 scrolls of enchant armour
 p - 4 scrolls of torment
 q - a scroll of vulnerability
 r - 5 scrolls of immolation
 x - a scroll of magic mapping
 y - 5 scrolls of fog
 z - 2 scrolls of silence
 S - a scroll of amnesia
 T - 2 scrolls of butterflies
 U - a scroll of fear
Miscellaneous
 c - a phantom mirror
 I - a tin of tremorstones (2/2)
 M - a lightning rod (4/4)
 R - a phial of floods (inert)


   Skills:
 - Level 10.0 Fighting
 - Level 12.0 Short Blades
 - Level 4.2 Throwing
 - Level 16.1 Armour
 - Level 15.0 Dodging
 + Level 7.8 Stealth
 - Level 5.1 Shields
 - Level 16.4 Invocations
 - Level 2.1 Evocations


You had 12 spell levels left.
You knew the following spells:

 Your Spells              Type           Power      Damage    Failure   Level
a - Passwall              Tmut/Erth      0%         N/A       50%         2
b - Tukima's Dance        Hex            0%         N/A       73%         3

Your spell library contained the following spells:

 Spells                   Type           Power      Damage    Failure   Level
 Apportation              Tloc           0%         N/A       36%         1
 Necrotise                Necr           0%         1d4       36%         1
 Sandblast                Erth           0%         2d4       36%         1
 Sting                    Tmut/Pois      0%         1d3       36%         1
 Summon Small Mammal      Summ           0%         N/A       36%         1
 Lesser Beckoning         Tloc           0%         N/A       50%         2
 Poisonous Vapours        Pois/Air       0%         N/A       50%         2
 Call Canine Familiar     Summ           0%         N/A       73%         3
 Gell's Gravitas          Tloc           0%         N/A       73%         3
 Stone Arrow              Conj/Erth      0%         3d7       73%         3
 Summon Guardian Golem    Hex/Summ       0%         N/A       73%         3
 Teleport Other           Tloc           0%         N/A       73%         3
 Olgreb's Toxic Radiance  Pois           0%         N/A       98%         4
 Passage of Golubria      Tloc           0%         N/A       98%         4
 Summon Lightning Spire   Summ/Air       0%         N/A       98%         4
 Yara's Violent Unravell  Hex/Tmut       0%         3d3       100%        5
 Maxwell's Capacitive Co  Air            0%         ∞         100%        8
 Storm Form               Tmut/Air       Unusable   N/A       N/A         7

Dungeon Overview and Level Annotations

Branches:
Dungeon (15/15)            Temple (1/1) D:5            Lair (5/5) D:11
 Shoals (4/4) Lair:2       Spider (0/4) Lair:3        Slime (0/5) Lair:5
    Orc (2/2) D:11            Elf (2/3) Orc:2        Vaults (0/5) D:14
 Depths (0/4) D:15

Altars:
Ashenzari
Cheibriados
Dithmenos
Fedhas
Gozag
Hepliaklqana
Kikubaaqudgha
Makhleb
Nemelex Xobeh
Okawaru
Qazlal
Ru
Sif Muna
Trog
Uskayaw
Vehumet
Wu Jian
Xom
Yredelemnul
Jiyva

Shops:
D:4 [*   D:6 *   D:12 (   Orc:2 (?=*=   Elf:2 (!   Shoals:3 [*[

Annotations:
D:8 no ashenzari for me, cyclops+ugly thing+slime creature


Innate Abilities, Weirdness & Mutations

You are immune to poison.
Your flesh is cold resistant. (rC+)
You are immune to negative energy. (rN+++)
You are immune to unholy pain and torment.
You are vulnerable to heat. (rF-)
You are strongly in touch with the powers of death.
You do not drink.
You have a special connection with the divine. (Faith)


Message History

The deep elf blademaster is almost dead.
You barely miss the deep elf blademaster.
The deep elf blademaster is almost dead.
You block the deep elf blademaster's attack.
The deep elf blademaster completely misses you.
A +6 glaive of freezing comes into view.
You completely miss the deep elf blademaster.
The deep elf blademaster is almost dead.
You hit the deep elf blademaster.
The deep elf blademaster is almost dead.
The deep elf blademaster hits you with a +0 rapier of holy wrath.
You convulse.
* * * LOW HITPOINT WARNING * * *
The deep elf blademaster hits you with a +0 rapier of holy wrath!
* * * LOW HITPOINT WARNING * * *
You convulse!
* * * LOW HITPOINT WARNING * * *
Uskayaw will force your foes to share their pain.
Uskayaw links your audience in an emotional bond!
Unknown command.
Unknown command.
Aim the phial where?
Press: ? - help, Shift-Dir - straight line, f - deep elf blademaster
Aim: a deep elf blademaster, wielding two +0 rapiers of holy wrath and wearing a +0 leather armour (almost dead, lightly drained, sharing its pain)
The torrent of water misses the deep elf blademaster.
The wave splashes down.
The deep elf blademaster is engulfed in water.
The deep elf blademaster closely misses you.
The deep elf blademaster hits you with a +0 rapier of holy wrath!
* * * LOW HITPOINT WARNING * * *
You convulse!
* * * LOW HITPOINT WARNING * * *
Unknown command.
Unknown command.
As you read the scroll of teleportation, it crumbles to dust.
You feel strangely unstable.
The deep elf blademaster splashes around in the water. x2
The deep elf blademaster hits you but does no damage.
The deep elf blademaster hits you with a +0 rapier of holy wrath!
You die...

...##...........#
...#...................
#..##.................
##.###...##.........e
#..###..## ##.....(.
...##..## ##~....##
...#....#####..~~e..###
####.....##)..))e~....##
##..........)@~......
#..........)..~.....
###.................
################## ###
####### ###.### ##.....##
###=....### ##.......##
#.........# #.........#
#.........########.........#


You could see a deep elf blademaster (drained, waterlogged, pain bonded), a deep
elf pyromancer (pain bonded), a deep elf zephyrmancer and a +6 glaive of
freezing (pain bonded).

Vanquished Creatures
  Jorgrun (Orc:2)
  Rupert (Orc:2)
  Mlioglotl (Shoals:4)
  A kraken (Shoals:3)
  A sphinx (Shoals:4)
  Donald (Orc:2)
  Louise (Elf:2)
  An orc warlord (Orc:1)
  Nessos (D:12)
  An elemental wellspring (Shoals:2)
  A deep elf demonologist (Elf:2)
  The ghost of Azimandeus the Marksgargoyle, a journeyman GrHu of Elyvilon (Orc:1)
  A dire elephant (Lair:5)
  3 minotaurs (Shoals:4)
  A merfolk javelineer (Shoals:3)
  A merfolk impaler (Shoals:4)
  6 hydras
  A yaktaur captain (D:14)
  A spriggan zombie (D:15)
  2 merfolk avatars
  2 merfolk aquamancers
  9 satyrs
  3 two-headed ogres
  An alligator snapping turtle (Shoals:4)
  11 centaur warriors
  Erica (D:11)
  8 boulder beetles
  A death yak (Lair:4)
  25 dancing weapons
  A tengu warrior (D:14)
  6 orc high priests
  Sonja (Orc:2)
  11 deep elf knights
  7 skysharks
  A fire crab (shapeshifter) (Orc:2)
  6 skeletal warriors
  11 sea snakes
  A storm dragon skeleton (D:15)
  4 deep elf archers
  4 orc knights
  A phantasmal warrior (D:15)
  2 necromancers
  10 harpies
  18 deep elf zephyrmancers
  The ghost of LynnLen the Covert, a novice SpEn of Dithmenos (D:7)
  13 ugly things
  29 fauns
  A stone giant zombie (D:15)
  6 orc sorcerers
  Pikel (D:5)
  A tengu zombie (D:15)
  24 deep elf pyromancers
  6 elephants
  4 cyclopes
  29 manticores
  A water nymph (shapeshifter) (Orc:2)
  11 merfolk sirens
  4 torpor snails
  7 water nymphs
  6 black mambas
  23 cane toads
  An unseen horror (shapeshifter) (Orc:2)
  4 kobold demonologists (D:12)
  4 unseen horrors
  2 rime drakes
  A freezing wraith (D:15)
  A yaktaur (D:14)
  7 komodo dragons
  An efreet (D:14)
  2 tengu conjurers (D:12)
  A guardian mummy (D:15)
  6 wind drakes
  A queen bee (shapeshifter) (Elf:1)
  9 trolls
  14 merfolk
  3 polar bears
  2 tyrant leeches (Lair:5)
  A troll (shapeshifter) (D:14)
  A hornet (D:11)
  9 dream sheep
  2 raiju (shapeshifter)
  8 snapping turtles
  11 blink frogs (Lair:5)
  A culicivora (shapeshifter) (D:10)
  2 jumping spiders (Lair:3)
  Sigmund (D:3)
  2 culicivoras (Lair:3)
  9 slime creatures
  A spriggan (shapeshifter) (D:12)
  7 air elementals
  4 vampires
  9 water elementals
  3 wraiths
  10 basilisks
  Grum (D:11)
  36 yaks
  3 fire elementals
  7 wyverns
  A steam dragon (D:11)
  2 redbacks (Lair:3)
  11 vampire mosquitoes
  11 wargs
  12 water moccasins
  Duvessa (D:5)
  A black bear (Lair:2)
  29 orc warriors
  2 wolves (D:11)
  5 ogres
  20 centaurs
  A phantom (D:6)
  2 lemures (D:4)
  4 kobold brigands
  An earth elemental (Elf:2)
  23 bullfrogs
  5 gnoll sergeants
  3 scorpions (D:5)
  10 wights
  Dowan (D:5)
  11 killer bees
  6 electric eels
  5 howler monkeys
  5 hounds
  5 jellies
  40 orc priests
  2 gnoll boudas
  3 iguanas
  A sleepcap (D:4)
  Ijyb (D:5)
  43 orc wizards
  4 spectral orcs (Orc:1)
  A troll simulacrum (Orc:1)
  Robin (D:3)
  15 gnolls
  7 adders
  A shadow imp (D:7)
  An orc simulacrum (Orc:1)
  An ufetubus (D:5)
  2 worms
  5 dart slugs
  74 orcs
  8 ball pythons
  12 endoplasms
  4 giant cockroaches
  17 goblins
  6 hobgoblins
  A quokka (D:1)
  6 bats
  4 frilled lizards
  20 kobolds
  2 rats
  A spectral goblin (D:9)
  A tentacle (Shoals:3)
988 creatures vanquished.

Vanquished Creatures (collateral kills)
  A cane toad (Lair:4)
1 creature vanquished.

Vanquished Creatures (others)
  2 wolves (D:11)
  8 tentacles (Shoals:3)
10 creatures vanquished.

Grand Total: 999 creatures vanquished

Notes
Turn   | Place    | Note
-------+----------+-------------------------------------------
     0 | D:1      | LordWeiramon the Mummy Brigand began the quest for the Orb.
     0 | D:1      | Reached XP level 1. HP: 16/16 MP: 1/1
   170 | D:1      | Reached skill level 1 in Dodging
   242 | D:1      | Reached XP level 2. HP: 22/22 MP: 2/2
   589 | D:1      | Gained mutation: You are in touch with the powers of death.
                  | [Mummy growth]
   589 | D:1      | Reached XP level 3. HP: 28/28 MP: 3/3
  1257 | D:2      | Reached XP level 4. HP: 37/37 MP: 4/4
  1956 | D:3      | Noticed Robin
  2026 | D:3      | Noticed an ogre
  2408 | D:3      | Killed an ogre
  2409 | D:3      | Reached XP level 5. HP: 42/42 MP: 5/5
  2454 | D:3      | Found a faded altar of an unknown god.
  2663 | D:3      | Noticed Sigmund
  2845 | D:3      | Killed Robin
  3027 | D:4      | Found Qilugea's Lightly-Used Armoury.
  3354 | D:4      | Reached XP level 6. HP: 43/48 MP: 6/6
  3421 | D:4      | Found a shimmering altar of Xom.
  3431 | D:4      | Found Emelas's Antique Armour Shoppe.
  3451 | D:4      | Bought a shiny helmet for 135 gold pieces
  3522 | D:4      | Reached skill level 1 in Evocations
  3559 | D:5      | Entered Level 5 of the Dungeon
  3778 | D:5      | Noticed Duvessa
  3795 | D:5      | Reached XP level 7. HP: 53/54 MP: 7/7
  3889 | D:5      | Reached skill level 5 in Short Blades
  4026 | D:5      | Found a snail-covered altar of Cheibriados.
  4082 | D:5      | Noticed Dowan
  4239 | D:5      | Noticed Pikel
  4289 | D:5      | Found a staircase to the Ecumenical Temple.
  4297 | Temple   | Entered the Ecumenical Temple
  4596 | D:5      | Noticed an angel
  4626 | D:5      | Killed Dowan
  4632 | D:5      | Killed Duvessa
  4721 | D:5      | Noticed Ijyb
  4724 | D:5      | Killed Ijyb
  5076 | D:4      | Bought a pair of embroidered boots for 135 gold pieces
  5247 | D:5      | Killed Pikel
  5248 | D:5      | Reached skill level 5 in Dodging
  5248 | D:5      | Reached XP level 8. HP: 27/60 MP: 8/8
  5672 | D:6      | Found Ythryini's Assorted Antiques.
  5704 | D:6      | Bought a scroll labelled KAASCH DUISCH for 28 gold pieces
  5741 | D:6      | Learned a level 2 spell: Passwall
  6027 | D:6      | Found a sacrificial altar of Ru.
  6673 | D:7      | Reached XP level 9. HP: 65/65 MP: 9/9
  6760 | D:7      | Reached skill level 5 in Stealth
  7040 | D:7      | Reached skill level 5 in Fighting
  7632 | D:7      | Identified the +5 scale mail of Theory {Contam +Blink rElec
                  | Str+5}
  7632 | D:7      | Identified the +0 buckler of the Baker {Str+5 Int+3}
  7789 | D:8      | Found a sparkling altar of Nemelex Xobeh.
  8403 | D:8      | Found a broken altar of Ashenzari.
  8405 | D:8      | Noticed a cyclops
  8405 | D:8      | Noticed a brown ugly thing
  8407 | D:8      | Found a transporter.
  8412 | D:8      | You are sucked into a shaft and drop 2 floors!
  8412 | D:10     | Entered Level 10 of the Dungeon
  8430 | D:10     | Noticed a two-headed ogre
  8446 | D:10     | Noticed a troll
  8574 | D:11     | Found a staircase to the Orcish Mines.
  8660 | D:11     | Noticed Grum
  8679 | D:11     | Noticed Erica
  8692 | D:11     | Killed Grum
  8693 | D:11     | Killed Erica
  8839 | D:11     | Noticed a troll
  8847 | D:11     | Killed a troll
  8917 | D:9      | Found a flagged portal.
  8948 | D:9      | Reached XP level 10. HP: 76/76 MP: 10/10
  9439 | D:9      | Learned a level 3 spell: Tukima's Dance
  9809 | D:9      | Found a hide-covered altar of Uskayaw.
  9816 | D:9      | Became a worshipper of Uskayaw the Reveller
  9825 | D:9      | Reached * piety under Uskayaw
  9839 | D:9      | Reached ** piety under Uskayaw
  9861 | D:9      | Reached *** piety under Uskayaw
  9862 | D:9      | Reached **** piety under Uskayaw
  9961 | D:9      | Found a hazy altar of Hepliaklqana.
 10182 | D:9      | Reached ***** piety under Uskayaw
 10685 | D:8      | Found a transporter.
 11177 | D:3      | Killed Sigmund
 11178 | D:3      | Reached skill level 5 in Invocations
 11717 | D:7      | Identified the ring of Tension {Str+6 Int+2 SInv}
 11721 | D:7      | Found the amulet of Vitality {RegenMP++ Regen++}
 11722 | D:7      | Noticed LynnLen's ghost (novice SpEn)
 11725 | D:7      | Found a transporter.
 11750 | D:7      | Found a transporter.
 11918 | D:7      | Killed LynnLen's ghost
 12274 | D:9      | Reached skill level 1 in Shields
 12633 | D:10     | Reached XP level 11. HP: 40/81 MP: 11/14
 12714 | D:10     | Killed a two-headed ogre
 12855 | D:10     | Found an opulent altar of Gozag.
 13293 | D:11     | Reached skill level 5 in Shields
 13446 | D:11     | Noticed a boulder beetle
 13467 | D:11     | Killed a boulder beetle
 13498 | D:11     | Noticed a two-headed ogre
 13527 | D:11     | Killed a two-headed ogre
 13724 | D:11     | Reached skill level 10 in Short Blades
 13773 | D:11     | Found a staircase to the Lair.
 13813 | Lair:1   | Entered Level 1 of the Lair of Beasts
 14606 | Lair:1   | Reached XP level 12. HP: 71/88 MP: 17/17
 15278 | Lair:2   | Found a staircase to the Shoals.
 15347 | Lair:2   | Found a hide-covered altar of Uskayaw.
 15347 | Lair:2   | Found an ornate altar of the Wu Jian Council.
 15347 | Lair:2   | Noticed a boulder beetle
 15383 | Lair:2   | Killed a boulder beetle
 16291 | Lair:3   | Found a hole to the Spider Nest.
 17129 | Lair:4   | Noticed a five-headed hydra
 17136 | Lair:4   | Killed a five-headed hydra
 17142 | Lair:4   | Identified a scroll of acquirement
 17143 | Lair:4   | Acquired the +3 pair of seven-league boots {Rampage+∞}
 17143 | Lair:4   | Found the +3 pair of seven-league boots {Rampage+∞}
 17374 | Lair:4   | Gained mutation: You are strongly in touch with the powers
                  | of death. [Mummy growth]
 17374 | Lair:4   | Reached XP level 13. HP: 90/98 MP: 19/19
 18153 | Lair:5   | Entered Level 5 of the Lair of Beasts
 18452 | Lair:5   | Reached skill level 10 in Invocations
 18494 | Lair:5   | Found a viscous altar of Jiyva.
 18785 | Lair:5   | Reached skill level 1 in Armour
 18829 | Lair:5   | Found a staircase to the Slime Pits.
 19199 | Lair:5   | Noticed a dire elephant
 19222 | Lair:5   | HP: 1/98 [dire elephant (27)]
 19223 | Lair:5   | Killed a dire elephant
 19449 | Lair:5   | Reached skill level 5 in Armour
 19566 | Lair:5   | Acquired a +4 quick blade of flaming
 19838 | Lair:5   | Reached XP level 14. HP: 105/105 MP: 22/22
 20373 | D:12     | Noticed Nessos
 20384 | D:12     | Killed Nessos
 20459 | D:12     | Reached ****** piety under Uskayaw
 20818 | D:12     | Found Vecvaolo's Weapon Emporium.
 20941 | D:12     | Reached skill level 10 in Dodging
 23532 | D:14     | Reached XP level 15. HP: 85/110 MP: 24/24
 23535 | D:14     | Acquired a manual of Armour
 23547 | D:14     | Found a gate to the Vaults.
 23594 | D:15     | Entered Level 15 of the Dungeon
 23623 | D:15     | HP: 5/110 [white ugly thing (13)]
 23995 | D:15     | Found a staircase to the Depths.
 25063 | Orc:1    | Entered Level 1 of the Orcish Mines
 25180 | Orc:1    | Reached skill level 10 in Armour
 25299 | Orc:1    | Found a runed translucent gate.
 25299 | Orc:1    | Found a runed translucent gate.
 25302 | Orc:1    | Noticed Azimandeus's ghost (journeyman GrHu)
 25483 | Orc:1    | Found a runed translucent gate.
 25658 | Orc:1    | Killed Azimandeus's ghost
 25702 | Orc:2    | Entered Level 2 of the Orcish Mines
 25892 | Orc:2    | Noticed Rupert
 25922 | Orc:2    | Found a staircase to the Elven Halls.
 25979 | Orc:2    | Noticed Donald
 25994 | Orc:2    | Killed Donald
 26116 | Orc:2    | Found Lalutesuni's Jewellery Shoppe.
 26625 | Orc:2    | Found Tutayt's Assorted Antiques.
 26625 | Orc:2    | Found Amnal's Antique Weapon Emporium.
 26625 | Orc:2    | Found Nouh's Magic Scroll Emporium.
 26630 | Orc:2    | Found Gupocak's Jewellery Shoppe.
 26651 | Orc:2    | Noticed Jorgrun
 26675 | Orc:2    | Killed Jorgrun
 26686 | Orc:2    | Bought a scroll of brand weapon for 199 gold pieces
 26687 | Orc:2    | Bought a scroll of blinking for 105 gold pieces
 26707 | Orc:2    | Bought a fine scale mail for 189 gold pieces
 26707 | Orc:2    | Identified the +2 scale mail "Agalobiw" {Will+} (You bought
                  | it in a shop on level 2 of the Orcish Mines)
 26723 | Orc:2    | Noticed Sonja
 26725 | Orc:2    | Killed Sonja
 27147 | Shoals:1 | Entered Level 1 of the Shoals
 27877 | Shoals:1 | Reached XP level 16. HP: 117/117 MP: 25/25
 28007 | Shoals:1 | Reached skill level 15 in Armour
 29509 | Shoals:3 | Found Ofryl's Antique Armour Shoppe.
 29531 | Shoals:3 | Found a flickering gateway to a bazaar.
 29536 | Bazaar   | Entered a bazaar
 29536 | Bazaar   | Found Jaif's Jewellery Boutique.
 29536 | Bazaar   | Found Tideaps's Antique Armour Boutique.
 29571 | Bazaar   | Found Xiruq's Antique Weapon Boutique.
 29588 | Bazaar   | Found Voibb's Magic Scroll Shop.
 29631 | Bazaar   | Bought a ring of protection from fire for 275 gold pieces
 29666 | Bazaar   | Bought a scroll of blinking for 52 gold pieces
 29666 | Bazaar   | Bought a scroll of torment for 66 gold pieces
 29666 | Bazaar   | Bought a scroll of blinking for 52 gold pieces
 29666 | Bazaar   | Bought a scroll of teleportation for 21 gold pieces
 29688 | Bazaar   | Bought a pair of runed boots for 105 gold pieces
 29843 | Shoals:3 | Bought the +2 hat of the Bear Spirit {Spirit, Bear, *Rage
                  | Will++} for 1396 gold pieces
 29843 | Shoals:3 | Found the +2 hat of the Bear Spirit {Spirit, Bear, *Rage
                  | Will++}
 30029 | Shoals:3 | Noticed a kraken
 30104 | Shoals:3 | Killed a kraken
 30168 | Shoals:3 | Found Buymerel's Armour Shop.
 30231 | Shoals:3 | Found Xeass's Assorted Antiques.
 30279 | Shoals:3 | Reached skill level 10 in Fighting
 30582 | Shoals:4 | Entered Level 4 of the Shoals
 30971 | Shoals:4 | Noticed Mlioglotl
 30984 | Shoals:4 | Noticed a bone dragon
 31122 | Shoals:4 | Noticed a bone dragon
 31127 | Shoals:4 | Killed Mlioglotl
 31753 | Shoals:4 | Reached XP level 17. HP: 106/128 MP: 22/27
 31765 | Shoals:4 | Got a barnacled rune of Zot
 31878 | Shoals:4 | Reached skill level 15 in Invocations
 31916 | Shoals:4 | Identified the ring of Yjeptuni {rElec rF+ Dex+6 Slay-5
                  | Stlth+}
 32352 | Elf:1    | Entered Level 1 of the Elven Halls
 32354 | Elf:1    | Paralysed by an air elemental for 1 turns
 32357 | Elf:1    | Paralysed by an air elemental for 1 turns
 32370 | Elf:1    | Paralysed by an air elemental for 1 turns
 32451 | Orc:2    | Killed Rupert
 32890 | Orc:2    | Paralysed by an air elemental for 1 turns
 33407 | Elf:1    | Paralysed by an air elemental for 1 turns
 33867 | Elf:2    | Paralysed by an air elemental for 1 turns
 33876 | Elf:2    | Paralysed by an air elemental for 1 turns
 33896 | Elf:2    | Found Imubil's Distillery.
 33985 | Elf:2    | Noticed Louise
 34045 | Elf:2    | Killed Louise
 34104 | Elf:2    | Paralysed by an air elemental for 1 turns
 34284 | Elf:2    | Found Utiy's Antique Weapon Boutique.
 34678 | Elf:2    | Found a huge runed translucent gate.
 34681 | Elf:2    | Found a huge runed translucent gate.
 34681 | Elf:2    | Found a huge runed translucent gate.
 34682 | Elf:2    | Found a huge runed translucent gate.
 34683 | Elf:2    | Found a huge runed translucent gate.
 34948 | Elf:2    | Reached skill level 15 in Dodging
 34991 | Elf:2    | Reached XP level 18. HP: 129/134 MP: 28/30
 35191 | Elf:2    | HP: 4/134 [deep elf blademaster/+0 rapier of holy wrath
                  | (12)]
 35192 | Elf:2    | Slain by a deep elf blademaster

Illustrated notes

Levels and vault maps discovered:
D:1:      saegor_arrival_simple_a, layout_basic, serial_glass, glass_columns_c,
          glass_columns_a, minmay_tromino_v7
D:2:      layout_basic
D:3:      layout_basic, serial_aquarium, aquarium_bridge_long_separate
          [aquarium_subvault_bridge, aquarium_subvault_wall,
          aquarium_subvault_bridge, aquarium_subvault_bridge,
          aquarium_subvault_bridge, aquarium_subvault_bridge],
          aquarium_bridge_square [aquarium_subvault_window,
          aquarium_subvault_window, aquarium_subvault_bridge,
          aquarium_subvault_bridge], aquarium_window_fake, aquarium_window_1,
          aquarium_window_corner, aquarium_window_corridor_2, aquarium_view_2g,
          aquarium_pool_five, dreamdust_ecumenical_altar_angels_and_demons,
          grunt_ministairs_12, uniq_robin, uniq_sigmund
D:4:      layout_cave_pools, xom_teletrap_fun, serial_shops,
          nicolae_square_shop, minmay_shop_damaged
D:5:      layout_cave_pools, slow_altar_1, zin_angel,
          minmay_temple_entry_large_hall, corner_web_ring, uniq_pikel,
          uniq_ijyb, uniq_duvessa
D:6:      layout_rooms, nicolae_elyvilon_temple_path,
          nicolae_ru_the_path_less_chosen, serial_shops,
          nicolae_shop_just_a_little_nook
D:7:      layout_cave_pools, gammafunk_ghost_gnarly_gnolls,
          hangedman_decor_diamond_cutter
D:8:      layout_layer_cave, gammafunk_temple_overflow_arena,
          mainiacjoe_overflow_24_doors
D:9:      layout_basic, kennysheep_little_box,
          nicolae_hepliaklqana_monster_ancestors, enter_bailey_2,
          chequers_decorated_corner
D:10:     layout_roguey, kennysheep_mini, minmay_chambers_of_fives
D:11:     layout_cave_pools, erik_lair_dragon, david_orc_3, uniq_grum,
          uniq_erica
D:12:     hangedman_cross_veins, layout_loops_ring, nicolae_stop_n_shop_2,
          uniq_nessos
D:13:     layout_basic, hangedman_decor_push
D:14:     layout_layer_cave, david_vaults_2, minmay_misc_feat_five,
          nooodl_orcs_dogs
D:15:     gammafunk_depths_entry_grave, layout_cave_pods, serial_park_tiny_pond
Temple:   hc_temple_tempest_star
Lair:1:   layout_cave_pods, disabler_island
Lair:2:   layout_roguey, minmay_shoals_entry_beasts,
          nzn_masters_of_martial_movement, lemuel_fruit_fields,
          lemuel_fruit_fields, grunt_megastairs_2, infiniplex_staircase_pool_2
Lair:3:   layout_small_grid, nicolae_spider_entry_tight_spaces,
          grunt_megastairs_5
Lair:4:   layout_cave_pods, serial_bayou_shore_a
Lair:5:   minmay_lair_end_frog_pond, layout_long_grid,
          minmay_slime_entry_pillars, minmay_shattered_shrine,
          serial_bayou_shore_b
Shoals:1: layout_shoals, centaur_isle
Shoals:2: layout_shoals, nicolae_shoals_spring_well_temple
Shoals:3: layout_shoals, serial_shops, bzr_entry_road, nicolae_take_the_stairs,
          nicolae_shop_tiny_statue_garden, nicolae_shop_tiny_waterfront
Shoals:4: shoals_end_hellmonk_lost_city, uniq_mlioglotl
Orc:1:    layout_diamond_mine, basic_altar, gammafunk_ghost_necromancy
Orc:2:    st_orc_mages, layout_caves, serial_shops, nicolae_square_shop,
          uniq_rupert, uniq_jorgrun, uniq_sonja, uniq_donald
Elf:1:    layout_geoelf_grid, minmay_elf_crystal_hexagon, evilmike_ambush
          [evilmike_ambush_outer_basic, evilmike_ambush_inner_cross]
Elf:2:    elven_hall_of_blades_hangedman_alternative
          [nicolae_blade_entry_diamond_columns], layout_geoelf_octagon,
          serial_shops, shop, nicolae_shop_rolling_square, uniq_louise

Skill      XL: |  1  2  3  4  5  6  7  8  9 10 11 12 13 14 15 16 17 |
---------------+----------------------------------------------------+-----
Short Blades   | 2 3 4 5 6 8 9 10 12 | 12.0
Dodging        | 1 5 6 13 15 | 15.0
Fighting       | 3 4 6 7 8 10 | 10.0
Throwing       | 3 4 |  4.2
Evocations     | 2 |  2.1
Stealth        | 4 5 6 7 |  7.8
Invocations    | 5 7 8 11 12 14 16 | 16.4
Shields        | 3 5 |  5.1
Armour         | 5 14 16 | 16.1

Action                     |  1- 3 |  4- 6 |  7- 9 | 10-12 | 13-15 | 16-18 || total
---------------------------+-------+-------+-------+-------+-------+-------++-------
  Melee: Dagger            |    96 |   171 |   486 |   515 |       |       ||  1268
         Punch             |     1 |     1 |     5 |     4 |       |       ||    11
         Short sword       |       |       |       |   629 |   459 |       ||  1088
         Quick blade       |       |       |       |       |  1257 |  1371 ||  2628
  Throw: Dart              |     3 |    34 |    21 |    62 |       |       ||   120
         Stone             |       |     2 |     4 |     5 |    17 |     7 ||    35
 Invoke: Line Pass         |       |       |       |    13 |    18 |     6 ||    37
         Stomp             |       |       |       |    12 |    41 |    10 ||    63
         Grand Finale      |       |       |       |     1 |       |     5 ||     6
  Evoke: Wand              |       |     3 |    41 |     4 |    17 |     4 ||    69
         Lightning rod     |       |       |       |       |     8 |       ||     8
         Phantom mirror    |       |       |       |       |     1 |       ||     1
         Phial of floods   |       |       |       |       |       |     2 ||     2
    Use: Scroll            |       |     2 |     9 |     9 |    14 |     3 ||    37
   Stab: Sleeping          |     6 |     6 |     4 |    29 |    30 |    26 ||   101
         Distracted        |       |       |     2 |     5 |     6 |     4 ||    17
         Paralysed         |       |       |       |    34 |    80 |    74 ||   188
         Confused          |       |       |       |     9 |    24 |     3 ||    36
         Betrayed ally     |       |       |       |       |     1 |       ||     1
         Petrifying        |       |       |       |       |     1 |       ||     1
 Armour: Robe              |    24 |    41 |   118 |   201 |   238 |   142 ||   764
  Dodge: Dodged            |    47 |    79 |   230 |   502 |   525 |   547 ||  1930
  Block: Buckler           |       |       |       |   128 |   200 |   171 ||   499
